Map: 에버 드림 - 래더

Players

Lambo

  • Race: Zerg Zerg
  • Spawn Location: 1:00

Bunny - Winner!

  • Race: Terran Terran
  • Spawn Location: 7:00

Event: StayAtHomestory Cup #2

VOD

Have the link to the VOD?

Description

Time

  • Played on: June 11, 2020, 8:44 a.m.
  • Length: 16:01

All games in this series

Show
View Real Time Build Order
Export as new Build Order

Lambo Zerg 

Build Orders: Hatch First, Muta Ling Bane 

Get SALT Encoding   

  12  0:01  Drone  
  13  0:12  Overlord  
  13  0:17  Drone  
  14  0:31  Drone x2  
  16  0:47  Hatchery  
  15  0:50  Drone  
  15  0:54  Drone  
  17  0:59  Drone  
  18  1:08  Extractor  
  17  1:12  Spawning Pool  
  17  1:15  Drone  
  17  1:19  Drone  
  18  1:28  Drone  
  19  1:39  Drone  
  20  1:52  Drone  
  21  1:59  Queen  
  21  2:00  Queen, Zergling x4  
  27  2:13  Hatchery  
  26  2:17  Overlord  
  26  2:20  Drone  
  27  2:23  Drone  
  28  2:35  Metabolic Boost  
  28  2:40  Drone  
  28  2:42  Drone x2  
  31  2:47  Drone, Overlord  
  32  2:52  Queen  
  32  2:55  Drone  
  32  2:57  Drone  
  36  3:06  Drone x2  
  36  3:12  Drone x2  
  40  3:13  Queen, Drone  
  40  3:18  Drone  
  44  3:23  Overlord  
  44  3:25  Queen  
  46  3:28  Drone  
  46  3:31  Queen  
  49  3:40  Overlord  
  49  3:42  Drone x3  
  49  3:44  Zergling x4  
  49  3:47  Overlord  
  54  3:49  Zergling x2  
  54  3:54  Zergling x4  
  57  3:56  Extractor  
  57  3:57  Zergling x2  
  58  4:03  Queen  
  58  4:05  Zergling x2  
  58  4:06  Drone  
  58  4:08  Baneling Nest  
  58  4:09  Drone x2  
  63  4:12  Drone x2  
  63  4:14  Drone  
  63  4:16  Drone  
  67  4:19  Drone  
  67  4:22  Drone x3  
  67  4:23  Drone  
  72  4:28  Queen  
  74  4:31  Overlord  
  74  4:33  Overlord  
  74  4:36  Overlord  
  74  4:38  Overlord  
  74  4:51  Overlord  
  74  4:54  Drone x2  
  74  4:57  Spore Crawler  
  74  4:58  Spore Crawler x2  
  73  5:02  Zergling x2  
  73  5:03  Baneling x4  
  73  5:06  Drone x2, Baneling  
  73  5:07  Drone x4  
  78  5:10  Baneling  
  78  5:11  Drone, Lair  
  80  5:15  Drone x6  
  80  5:16  Baneling  
  80  5:18  Extractor  
  80  5:20  Extractor  
  84  5:27  Zergling x12  
  90  5:32  Baneling x2  
  90  5:33  Zergling x6  
  90  5:38  Zergling x4  
  90  5:39  Queen x2  
  92  5:45  Zergling x12  
  87  6:00  Baneling x5  
  87  6:02  Zergling x2  
  83  6:08  Drone x5  
  83  6:13  Drone x3  
  83  6:15  Drone  
  87  6:20  Extractor  
  87  6:21  Extractor x2  
  87  6:22  Drone  
  87  6:23  Drone x3  
  86  6:29  Drone x2  
  88  6:34  Drone  
  88  6:38  Drone x2  
  88  6:39  Spire  
  88  6:46  Zergling x4  
  90  6:47  Centrifical Hooks  
  90  6:49  Drone  
  90  6:50  Drone x2  
  90  6:51  Evolution Chamber, Drone  
  90  6:52  Evolution Chamber, Drone x3  
  94  6:59  Drone x2  
  95  7:03  Hatchery  
  95  7:04  Zergling x8  
  95  7:07  Zergling x2  
  93  7:13  Drone  
  94  7:18  Overlord  
  94  7:19  Overlord  
  94  7:27  Zergling x12  
  98  7:31  Baneling x4  
  98  7:36  Baneling x2  
  98  7:41  Zergling x14  
  105  7:48  Hatchery  
  96  7:51  Baneling x2  
  96  7:54  Zergling x12  
  99  8:00  Zerg Flyer Weapons Level 1  
  99  8:06  Mutalisk x6  
  112  8:12  Drone  
  112  8:13  Drone  
  112  8:18  Mutalisk x3  
  119  8:22  Drone x2  
  119  8:25  Zerg Melee Weapons Level 1  
  120  8:34  Extractor, Mutalisk  
  120  8:36  Drone  
  120  8:39  Extractor  
  120  8:40  Hatchery  
  120  8:42  Unknown  
  120  8:46  Mutalisk  
  121  8:49  Drone, Overlord  
  121  8:50  Overlord x2  
  121  8:54  Overlord  
  121  8:55  Overlord  
  122  8:58  Overlord  
  122  9:06  Drone x6  
  122  9:09  Mutalisk x5  
  127  9:11  Drone x6  
  143  9:21  Drone x4  
  147  9:25  Overseer  
  147  9:27  Pneumatized Carapace, Mutalisk  
  147  9:30  Baneling x3  
  149  9:33  Overlord  
  149  9:34  Mutalisk x2  
  149  9:38  Drone x4  
  157  9:40  Drone x2  
  157  9:42  Mutalisk  
  161  9:46  Zergling x6  
  161  9:49  Mutalisk x2  
  168  9:53  Drone x2  
  168  9:54  Drone x2  
  168  9:56  Mutalisk  
  168  9:58  Overseer  
  174  10:02  Zergling x8  
  174  10:06  Zergling x2  
  174  10:07  Zergling x8  
  177  10:12  Mutalisk x2  
  177  10:13  Mutalisk  
  183  10:15  Zergling x6  
  186  10:22  Baneling x8, Infestation Pit  
  186  10:23  Overseer  
  186  10:27  Baneling x9  
  185  10:28  Zergling x2  
  185  10:29  Zergling x6  
  185  10:32  Baneling x3  
  189  10:41  Mutalisk x3  
  179  10:45  Zergling x22  
  182  10:50  Mutalisk x2  
  182  10:54  Zergling x14  
  174  11:06  Mutalisk  
  174  11:07  Mutalisk x4  
  174  11:09  Zergling x10  
  181  11:14  Overlord  
  181  11:15  Overlord x2  
  181  11:17  Overlord  
  177  11:19  Overlord  
  177  11:27  Baneling x13  
  177  11:28  Overlord x2  
  177  11:32  Zerg Melee Weapons Level 2, Overlord  
  177  11:34  Drone x2  
  177  11:35  Mutalisk  
  177  11:37  Baneling x5  
  181  11:46  Mutalisk x4  
  189  11:47  Hatchery  
  189  11:53  Mutalisk x2  
  174  12:05  Zergling x20  
  174  12:06  Zergling x22  
  192  12:11  Hive  
  192  12:15  Zergling x12  
  197  12:22  Zergling x12  
  199  12:23  Zergling x2  
  199  12:25  Baneling x7  
  199  12:27  Zergling x4  
  199  12:28  Baneling x3  
  199  12:29  Extractor  
  198  12:30  Extractor, Zergling x4  
  198  12:35  Baneling x10  
  199  12:39  Baneling x11  
  199  12:43  Overlord x2  
  195  12:53  Mutalisk x2  
  195  12:58  Zergling x20  
  199  13:04  Mutalisk x3  
  200  13:25  Zergling x8  
  200  13:35  Adrenal Glands  
  200  13:37  Zerg Ground Armor Level 1  
  200  13:38  Ultralisk Cavern  
  200  13:39  Baneling x3  
  200  13:40  Baneling x12  
  200  13:48  Zergling x2  
  200  13:50  Baneling  
  200  13:51  Baneling x12  
  181  14:04  Zergling x48  
  181  14:08  Mutalisk x9  
  192  14:13  Zergling x4  
  192  14:15  Zergling x4  
  187  14:24  Zergling x8  
  187  14:26  Baneling x16  
  187  14:30  Zergling x6, Hatchery  
  192  14:31  Baneling x3  
  192  14:34  Mutalisk  
  194  14:40  Zergling x12  
  194  14:44  Zergling x6  
  194  14:51  Zergling x14  
  195  14:59  Zergling x12  
  193  15:03  Baneling x6  
  193  15:05  Zergling x4  
  176  15:24  Mutalisk  
  176  15:25  Mutalisk x2  
  180  15:43  Zergling x6  
  180  15:45  Overseer  
  177  15:50  Hatchery  
Show
View Real Time Build Order
Export as new Build Order

Bunny Terran - Winner!

Build Orders: 2 Factory, Hellion Opening, Reaper Expand 

Get SALT Encoding   

  12  0:01  SCV  
  13  0:13  SCV  
  14  0:18  Supply Depot  
  14  0:25  SCV  
  15  0:39  SCV  
  15  0:40  Barracks  
  16  0:44  Refinery  
  16  0:51  SCV  
  17  1:03  SCV  
  18  1:15  SCV  
  19  1:28  Reaper, Orbital Command  
  20  1:39  Command Center  
  20  1:52  Supply Depot  
  20  1:53  SCV  
  21  2:00  Marine  
  22  2:05  SCV  
  23  2:08  Factory  
  23  2:13  Refinery  
  23  2:18  SCV  
  23  2:22  Barracks Reactor  
  24  2:30  SCV  
  25  2:42  SCV  
  26  2:52  Orbital Command  
  26  2:53  Factory  
  26  2:54  SCV  
  27  3:03  Hellion x2  
  27  3:05  Marine  
  31  3:06  SCV  
  31  3:11  Starport  
  33  3:18  SCV x2  
  35  3:26  Hellion  
  35  3:27  Hellion  
  39  3:30  SCV x2  
  41  3:36  Supply Depot  
  41  3:37  Factory Tech Lab  
  41  3:42  SCV x2  
  41  3:45  Barracks Tech Lab  
  41  3:48  Viking  
  45  3:58  Infernal Pre-Igniter, Hellion x2  
  45  3:59  SCV  
  45  4:02  Supply Depot  
  50  4:05  Hellion  
  52  4:12  SCV x2  
  52  4:15  Supply Depot  
  54  4:23  Hellion x2, Medivac  
  60  4:25  Supply Depot  
  60  4:30  Armory  
  60  4:32  Hellion  
  60  4:36  SCV  
  60  4:37  SCV  
  64  4:45  Hellion x2  
  68  4:53  Hellion  
  68  4:54  Supply Depot  
  68  4:58  Medivac  
  72  5:00  SCV x2  
  72  5:06  Hellion x2  
  78  5:15  SCV x2, Hellion  
  78  5:16  Supply Depot  
  82  5:31  SCV x2  
  83  5:39  Command Center  
  76  5:44  Hellion x3  
  76  5:46  SCV x2  
  68  5:57  Refinery x2  
  68  5:58  Factory x2  
  68  6:01  Hellion  
  68  6:05  SCV x2, Hellion x3  
  72  6:17  SCV x2, Hellion x2  
  69  6:19  Supply Depot  
  69  6:28  Starport Reactor  
  69  6:31  SCV x2  
  69  6:32  Factory, Terran Vehicle Weapons Level 1  
  77  6:40  Hellion x3  
  77  6:46  Factory Reactor, Factory Tech Lab  
  77  6:48  SCV  
  77  6:49  SCV  
  79  7:09  SCV x2  
  79  7:11  Mag-Field Accelerator, Cyclone x2, Command Center  
  87  7:21  Hellion x2  
  87  7:22  Cyclone, Refinery  
  93  7:24  Orbital Command  
  93  7:25  Refinery  
  93  7:30  SCV x2  
  95  7:38  Hellion x2  
  95  7:43  Cyclone, Hellion  
  102  7:49  Hellion  
  102  7:50  SCV x3  
  99  7:56  Cyclone, Engineering Bay  
  86  8:00  Cyclone, Hellion x2  
  86  8:02  SCV x2  
  86  8:04  SCV, Hellion  
  98  8:12  Armory  
  98  8:14  SCV x2  
  98  8:16  SCV, Hellion x5  
  101  8:23  Cyclone  
  101  8:26  Planetary Fortress  
  104  8:28  Cyclone  
  104  8:29  SCV x3  
  104  8:34  Terran Vehicle And Ship Armor Level 1  
  110  8:39  Missile Turret x2  
  110  8:40  Missile Turret  
  106  8:43  Missile Turret, Cyclone  
  106  8:45  Missile Turret  
  109  8:50  SCV x3  
  112  8:59  Terran Vehicle Weapons Level 2  
  112  9:00  Supply Depot  
  112  9:02  SCV x3  
  112  9:04  SCV  
  112  9:05  Cyclone x2  
  118  9:11  Hellion  
  118  9:13  Hellion x2  
  118  9:14  Hellion  
  118  9:16  SCV x2  
  126  9:17  SCV  
  126  9:24  Missile Turret, Drilling Claws, Supply Depot  
  127  9:26  Supply Depot  
  127  9:31  Sensor Tower  
  127  9:33  Unknown  
  127  9:34  Missile Turret  
  127  9:35  Cyclone  
  127  9:37  Hellion x2  
  127  9:38  Widow Mine  
  136  9:41  Widow Mine  
  138  9:46  Cyclone  
  138  9:48  Supply Depot  
  138  9:52  Missile Turret, Supply Depot  
  141  9:58  Widow Mine  
  143  10:03  Widow Mine  
  146  10:09  Command Center  
  146  10:10  Thor  
  146  10:12  Thor  
  149  10:20  Sensor Tower  
  155  10:24  Hellion  
  155  10:25  Hellion x3  
  157  10:28  Missile Turret x2  
  157  10:32  Thor  
  154  10:46  Hellion x4  
  151  10:53  Hellion  
  136  11:07  Hellion x3  
  136  11:08  Hellion  
  136  11:09  SCV x4  
  135  11:15  Terran Vehicle And Ship Armor Level 2  
  135  11:16  Terran Vehicle Weapons Level 3  
  135  11:21  SCV x4  
  135  11:22  Missile Turret  
  135  11:23  Siege Tank x3  
  148  11:32  Hellion x4  
  156  11:33  SCV x2  
  158  11:42  Planetary Fortress  
  158  11:44  SCV x2, Missile Turret  
  158  11:45  SCV  
  158  11:46  SCV  
  154  11:55  Siege Tank x3  
  154  11:59  Hellion x2  
  167  12:07  Missile Turret  
  163  12:09  Missile Turret x2  
  163  12:18  Factory  
  151  12:27  Cyclone x3, Hellion  
  151  12:29  Hellion  
  164  12:31  Hellion  
  164  12:34  Hellion  
  168  12:50  Factory  
  168  12:51  Factory  
  155  12:59  Cyclone  
  155  13:01  Thor x2  
  155  13:04  Factory Tech Lab  
  170  13:08  Sensor Tower  
  170  13:11  Hellion x2  
  170  13:12  Hellion  
  176  13:20  Refinery  
  176  13:21  SCV, Refinery  
  176  13:22  SCV x4  
  179  13:31  Thor  
  179  13:33  SCV  
  186  13:37  Sensor Tower  
  186  13:38  Supply Depot  
  186  13:39  Supply Depot  
  186  13:40  Cyclone  
  189  13:42  Hellion x2  
  189  13:43  Hellion  
  189  13:44  Hellion  
  191  13:52  Missile Turret  
  191  13:53  Thor  
  191  13:54  Missile Turret  
  195  14:00  Thor  
  164  14:12  Thor  
  166  14:21  Hellion x3  
  166  14:23  Hellion, Command Center  
  174  14:26  Hellion  
  174  14:29  Hellion  
  177  14:42  Cyclone x2  
  177  14:43  Cyclone  
  177  14:45  Hellion x2  
  173  14:55  Cyclone  
  175  15:00  Hellbat  
  174  15:14  Orbital Command  
  171  15:23  Supply Depot  
  171  15:24  Supply Depot  
  171  15:25  Supply Depot  
  171  15:26  Supply Depot  
  165  15:31  Engineering Bay  
Tags
 
Add a new tag
Caveats
  • Supply blocks, unpowered buildings, or Contaminate may cause inaccurate times.
  • Supply counts are checked every 10 seconds.